 Seeded DCSS version 0.27.1-2-g3b301248ec (webtiles) character file.

Game seed: 14551798346683263451 (custom seed)

1290 babuloseo the Spear-Bearer (level 8, 0/61 HPs)
             Began as a Human Gladiator on Oct 2, 2021.
             Was an Initiate of Gozag.
             Slain by a yak (9 damage)
             ... on level 6 of the Dungeon.
             The game lasted 00:08:51 (6047 turns).

babuloseo the Spear-Bearer (Human Gladiator)        Turns: 6047, Time: 00:08:51

Health: 0/61       AC: 11    Str: 15 (16) XL:     8   Next: 85%
Magic:  3/9        EV:  7    Int: 10 (13) God:    Gozag
Gold:   643        SH:  0    Dex: 15 (16) Spells: 9/9 levels left

rFire    + + .     SeeInvis +   a - +0 trident (freeze)
rCold    . . .     Faith    .   (no shield)
rNeg     . . .     Spirit   .   p - +0 chain mail
rPois    +         Reflect  .   u - +1 helmet {Int+3}
rElec    .         Harm     .   (no cloak)
rCorr    .         Rampage  .   j - +0 pair of gloves
Will     .....                  (no boots)
Stlth    ..........             (no amulet)
HPRegen  0.20/turn              o - ring of Disufut {rPois rF+ SInv}
MPRegen  0.11/turn              (no ring)

@: unable to read
A: clever 1, fire resistance 1, inability to read while threatened
a: Renounce Religion, Potion Petition, Call Merchant, Bribe Branch


You were on level 6 of the Dungeon.
You worshipped Gozag.
Gozag was pleased with you.
You visited 1 branch of the dungeon, and saw 8 of its levels.

You collected 1731 gold pieces.
You spent 525 gold pieces at shops.
You paid 563 gold pieces to Gozag.

Inventory:

Hand Weapons
 a - a +0 trident of freezing (weapon)
 r - the +7 spear of Untimely Demise {antimagic, rCorr}
   (You found it on level 4 of the Dungeon)

   It reduces the magical energy of the wielder, and disrupts the spells and
   magical abilities of those it strikes.
   Natural abilities and divine invocations are not affected.
   rCorr:     It protects you from acid and corrosion.
Armour
 b - a +0 leather armour
 c - a +0 helmet
 i - a +0 scale mail
 j - a +0 pair of gloves (worn)
 p - a +0 chain mail (worn)
 u - a +1 helmet of intelligence (worn)
Jewellery
 o - the ring of Disufut (left hand) {rPois rF+ SInv}
   (You bought it in a shop on level 3 of the Dungeon)

   [ring of protection from fire]

   rF:        It protects you from fire.
   rPois:     It protects you from poison.
   SInv:      It lets you see invisible.
 s - a ring of fire
Wands
 t - a wand of flame (15)
Scrolls
 f - 2 scrolls of enchant armour {unknown}
 g - 6 scrolls of identify {unknown}
 n - 2 scrolls of blinking {unknown}
Potions
 k - a potion of curing
 l - 3 potions of attraction {unknown}
 m - a potion of degeneration


   Skills:
 * Level 4.9 Fighting
 * Level 8.6 Polearms
 - Level 2.8 Throwing
 - Level 0.2 Armour
 - Level 3.9 Dodging
 - Level 1.0 Stealth
 - Level 1.0 Spellcasting
 * Level 1.0 Evocations


You had 9 spell levels left.
You didn't know any spells.
Your spell library contained the following spells:

 Spells                   Type           Power      Damage    Failure   Level
 Magic Dart               Conj           0%         1d3       100%        1
 Call Imp                 Summ           0%         N/A       100%        2
 Searing Ray              Conj           0%         3d3       100%        2
 Dazzling Flash           Conj/Hex       0%         N/A       100%        3
 Mephitic Cloud           Conj/Pois/Air  0%         N/A       100%        3
 Fulminant Prism          Conj/Hex       0%         3d6       100%        4
 Agony                    Necr           0%         N/A       100%        5
 Silence                  Hex/Air        0%         N/A       100%        5


Dungeon Overview and Level Annotations

Branches:
Dungeon (8/15)             Temple (0/1) D:5
   Lair: D:8-11

Altars:
Ashenzari
Elyvilon
Gozag
Qazlal
Wu Jian
Zin

Shops:
D:3 =


Innate Abilities, Weirdness & Mutations

Your mind is acute. (Int +2)
Your flesh is heat resistant. (rF+)
You sometimes lose the ability to read scrolls when taking damage.


Message History

The wyvern zombie bites you.
The orc wizard is distracted by your dazzling golden aura.
A mysterious force pulls you upwards. The hatch slams shut behind you.
Unknown command.
You start resting.
A yak is nearby!
A yak is nearby!
You start resting.
A yak is nearby!
Okay, then.
As you read the scroll labelled ITOS AT QAADUE, it crumbles to dust.
You feel aware of your surroundings.
It was a scroll of magic mapping.
The yak bellows!
You hear a bellow!
As you read the scroll labelled QETOK XITIO, it crumbles to dust.
It is a scroll of brand weapon.
Your +0 trident is covered with a thin layer of ice!
a - a +0 trident of freezing You feel magic returning to you.
Your +0 trident of freezing glows with a cold blue light!
a - a +0 trident of freezing (weapon)
As you read the scroll labelled BOEXAOR EPIUGIUNK, it crumbles to dust.
Your body is wracked with pain!
You feel threatened and lose the ability to read scrolls!
The yak convulses! x2; It was a scroll of torment.
You feel a little less clever now.
You are too injured to fight recklessly!
You are too injured to fight recklessly!
You are too injured to fight recklessly!
Unknown command.
The yak gores you!
* * * LOW HITPOINT WARNING * * *
You closely miss the yak.
The yak is heavily wounded.
The yak gores you.
* * * LOW HITPOINT WARNING * * *
You puncture the yak! You freeze the yak.
The yak is almost dead.
The yak gores you!
You die...
Your body crumbles into a pile of gold.

*,,,,,,,,,,,* *,,,,,,,,,,,*
*,,,,,,,,,,,* *,,,,,,,,,,,*
********,,,** *,.,#########
##########..,#.......#########
#...........,#..Y............#
##...........,#.@Y........>...#
.'..........#########.........#
##...............# #.Y.......#
#####'#####.####.####.........##
....................'......YY.>#
###...#..##.#..#.####.........##
# #.#....##.#..#.####.........#
# #.#.#..##.##......+..)......#
#*#.#.#..##....#.####.........##


You could see 2 yaks.

Vanquished Creatures
  A yak (D:7)
  A steam dragon (D:8)
  Edmund (D:6)
  An acid dragon (D:7)
  A water moccasin (D:7)
  An ice beast (D:7)
  2 necrophages
  A kobold brigand (D:4)
  A scorpion (D:6)
  Crazy Yiuf (D:2)
  A jelly (D:6)
  An orc wizard (D:5)
  3 iguanas
  Robin (D:2)
  2 adders
  3 adder skeletons
  3 worms
  2 dart slugs
  12 orcs
  3 endoplasms
  A giant cockroach (D:1)
  16 goblins
  14 hobgoblins
  3 jackals (D:4)
  7 kobolds
  A quokka (D:2)
  7 ball pythons
  4 bats
  2 frilled lizards (D:1)
  3 rats (D:2)
100 creatures vanquished.

Vanquished Creatures (others)
  7 plants (D:8)
7 creatures vanquished.

Grand Total: 107 creatures vanquished

Notes
Turn   | Place    | Note
-------+----------+-------------------------------------------
     0 | D:1      | babuloseo the Human Gladiator began the quest for the Orb.
     0 | D:1      | Reached XP level 1. HP: 16/16 MP: 1/1
     9 | D:2      | Found a stormy altar of Qazlal.
    20 | D:2      | Reached XP level 2. HP: 16/22 MP: 2/2
   262 | D:2      | Found a runed translucent door.
   263 | D:2      | Noticed Crazy Yiuf
   320 | D:2      | Identified a scroll of acquirement
   320 | D:2      | Acquired 1176 gold pieces
   416 | D:2      | Reached XP level 3. HP: 16/27 MP: 3/3
   698 | D:2      | Found Gisot's Antique Weapon Boutique.
   951 | D:3      | Found a faded altar of an unknown god.
  1465 | D:3      | Reached XP level 4. HP: 30/30 MP: 4/4
  1474 | D:3      | Found an opulent altar of Gozag.
  1483 | D:3      | Became a worshipper of Gozag Ym Sagoz the Greedy
  1583 | D:3      | Bought the ring of Disufut {rPois rF+ SInv} for 525 gold
                  | pieces
  2064 | D:4      | Found a white marble altar of Elyvilon.
  2114 | D:4      | Noticed a necrophage
  2127 | D:4      | Killed a necrophage
  2128 | D:4      | Reached skill level 4 in Polearms
  2128 | D:4      | Reached XP level 5. HP: 35/40 MP: 5/5
  2174 | D:4      | Identified the +7 spear of Untimely Demise {antimagic,
                  | rCorr}
  2254 | D:4      | Found a glowing silver altar of Zin.
  2355 | D:4      | Found an ornate altar of the Wu Jian Council.
  2504 | D:4      | Reached XP level 6. HP: 47/47 MP: 2/6
  3182 | D:2      | Noticed Robin
  3209 | D:2      | Killed Robin
  3685 | D:2      | Killed Crazy Yiuf
  3686 | D:2      | Reached skill level 5 in Polearms
  4446 | D:1      | Gained mutation: You evolve. [potion of mutation]
  4446 | D:1      | Gained mutation: You have a somewhat thin skeletal
                  | structure. (Dex +2, Stealth+) [potion of mutation]
  4527 | D:5      | Entered Level 5 of the Dungeon
  4712 | D:5      | Found a staircase to the Ecumenical Temple.
  4758 | D:4      | Reached XP level 7. HP: 35/52 MP: 2/8
  4868 | D:5      | Reached skill level 1 in Spellcasting
  4882 | D:5      | Noticed a vampire
  5089 | D:5      | Found a broken altar of Ashenzari.
  5099 | D:6      | Reached skill level 6 in Polearms
  5185 | D:6      | Noticed Edmund
  5250 | D:6      | Killed Edmund
  5251 | D:6      | Reached XP level 8. HP: 21/60 MP: 3/9
  5523 | D:6      | Reached skill level 7 in Polearms
  5564 | D:6      | Noticed a yak
  5564 | D:6      | Noticed a yak
  5564 | D:6      | Noticed a yak
  5594 | D:7      | Killed a yak
  5782 | D:8      | Lost mutation: You evolve. [potion of mutation]
  5782 | D:8      | Lost mutation: You have a somewhat thin skeletal structure.
                  | (Dex +2, Stealth+) [potion of mutation]
  5782 | D:8      | Gained mutation: Your flesh is heat resistant. (rF+)
                  | [potion of mutation]
  5782 | D:8      | Gained mutation: You expend magic power (3 MP) to
                  | strengthen your wands. [potion of mutation]
  5783 | D:8      | Lost mutation: You expend magic power (3 MP) to strengthen
                  | your wands. [potion of mutation]
  5783 | D:8      | Gained mutation: Your mind is acute. (Int +2) [potion of
                  | mutation]
  5783 | D:8      | Gained mutation: You sometimes lose the ability to read
                  | scrolls when taking damage. [potion of mutation]
  5833 | D:8      | Reached skill level 1 in Stealth
  5951 | D:7      | Reached skill level 8 in Polearms
  5988 | D:7      | Reached skill level 1 in Evocations
  6047 | D:6      | Slain by a yak

Illustrated notes

Levels and vault maps discovered:
D:1:      lemuel_arrival_river_bridge, layout_rooms
D:2:      layout_loops_cross, basic_altar, serial_shops, shop,
          minmay_goblin_kobold_house, uniq_crazy_yiuf_cottage, uniq_robin
D:3:      layout_basic, grunt_gozag_breadcrumbs,
          hellmonk_ecumenical_altar_heavens_door
D:4:      layout_loops_ring, zin_treasury, elyvilon_altar_3,
          nzn_wu_jian_contemplation, serial_co_window_serial,
          co_window_corner_a, co_window_corner_a, co_window_of_opportunity_a,
          co_window_corner_a, co_window_paths_a, co_window_corner_b,
          co_window_paths_c, co_window_2corner, co_window_paths_c,
          co_window_of_opportunity_b, co_window_of_opportunity_c,
          co_window_of_opportunity_c, glass_columns_a, glass_columns_c
D:5:      layout_gridville, dancing_weapons_uskayaw, ashenzari_altar_1,
          kennysheep_mini_moat, minmay_temple_entry_statues_fountains,
          serial_shops, nicolae_shop_trees, kennysheep_crisscross,
          minmay_circle_x
D:6:      layout_basic, kennysheep_cross_bottleneck, grunt_ministairs_3,
          uniq_edmund
D:7:      layout_loops_corners
D:8:      layout_basic, nicolae_ru_the_path_less_chosen,
          lemuel_coloured_pillars_altar

Skill      XL: |  1  2  3  4  5  6  7  8 |
---------------+-------------------------+-----
Polearms       | 4 5 6 8 |  8.6
Fighting       | 3 4 |  4.9
Spellcasting   | 1 |  1.0
Stealth        | 1 |  1.0
Evocations     | 1 |  1.0
Throwing       | |  2.8
Armour         | |  0.2
Dodging        | |  3.9

Action                   |  1- 3 |  4- 6 |  7- 9 || total
-------------------------+-------+-------+-------++-------
Melee: Trident           |   117 |    39 |     2 ||   158
       Spear             |       |   121 |   139 ||   260
Throw: Throwing net      |       |     4 |     4 ||     8
Invok: Call Merchant     |       |     1 |       ||     1
  Use: Scroll            |     1 |       |     3 ||     4
       Potion            |       |     1 |     7 ||     8
 Stab: Sleeping          |     2 |       |       ||     2
       Held in net/web   |       |     2 |     4 ||     6
Armor: Leather armour    |    32 |       |       ||    32
       Scale mail        |     7 |    49 |    21 ||    77
       Chain mail        |       |       |    23 ||    23
Dodge: Dodged            |    73 |    59 |    31 ||   163
